| TOP OF THE 1ST |
|
Winnipeg Goldeyes batting - Pitching for Canton Indians : RHP Chris Cohen
|
|
Pitching: RHP Chris Cohen
|
|
|
Batting: RHB John Dew
|
0-0: Called Strike 0-1: Foul Ball, location: 2F 0-2: Ball 1-2: SINGLE (Groundball, 6S, EV 71.9 MPH) (infield hit)
|
|
Batting: RHB David McClellan
|
0-0: Ball 1-0: Called Strike 1-1: Fielders Choice at 2nd, 6-4 (Groundball, 56, EV 84.4 MPH)
|
|
Batting: SHB Ian Thompson
|
0-0: Ball David McClellan steals 2nd base 1-0: Ball 2-0: Called Strike 2-1: Ball 3-1: Foul Ball, location: 2F 3-2: Fly out, F8 (Flyball, 8RD, EV 97.5 MPH)
|
|
Batting: RHB Steve Raine
|
0-0: Ball 1-0: Called Strike 1-1: Foul Ball, location: 2F 1-2: Ball 2-2: Foul Ball, location: 2F 2-2: Strikes out swinging
|
| Top of the 1st over - 0 runs, 1 hit, 0 errors, 1 left on base; Winnipeg 0 - Canton 0 |
| BOTTOM OF THE 1ST |
|
Canton Indians batting - Pitching for Winnipeg Goldeyes : RHP Carlos Palacios
|
|
Pitching: RHP Carlos Palacios
|
|
|
Batting: RHB Jason Roberts
|
0-0: Swinging Strike 0-1: Ball 1-1: Ball 2-1: SINGLE (Line Drive, 6D, EV 103.8 MPH)
|
|
Batting: LHB Costodio Varino
|
0-0: Foul Ball, location: 2F 0-1: Ball 1-1: DOUBLE (Line Drive, 7LM, EV 107.5 MPH) Jason Roberts to third Runner from 3rd tries for Home, SAFE, throw by LF to home
|
|
Batting: LHB Dave Key
|
0-0: Swinging Strike 0-1: Ball 1-1: Ball 2-1: Swinging Strike 2-2: Strikes out swinging
|
|
Batting: LHB Shane Montalvo
|
0-0: Swinging Strike 0-1: Ball 1-1: Ball 2-1: Foul Ball, location: 2F 2-2: Reached on error, E5 (Groundball, 56S, EV 77.5 MPH) Costodio Varino to third
|
|
Batting: RHB Kevin Trull
|
0-0: Called Strike Shane Montalvo is caught stealing 2nd base 2-4 0-1: Fly out, F9 (Flyball, 89S, EV 76.2 MPH)
|
| Bottom of the 1st over - 1 run, 2 hits, 1 error, 1 left on base; Winnipeg 0 - Canton 1 |
| TOP OF THE 2ND |
|
Winnipeg Goldeyes batting - Pitching for Canton Indians : RHP Chris Cohen
|
|
Pitching: RHP Terry Sterling
|
|
|
Batting: LHB Marvin Shepherd
|
0-0: Called Strike 0-1: Ball 1-1: Fly out, F9 (Flyball, 9, EV 98.8 MPH)
|
|
Batting: LHB Kuemon Shishido
|
0-0: Called Strike 0-1: Ball 1-1: Reached on error, E8 (Flyball, 78M, EV 91.9 MPH)
|
|
Batting: LHB Brian Wagner
|
0-0: Foul Ball, location: 2F 0-1: Ball 1-1: Swinging Strike 1-2: Foul Ball, location: 2F 1-2: Strikes out swinging
|
|
Batting: RHB Antonio Santos
|
0-0: Called Strike 0-1: Ball 1-1: Foul Ball, location: 2F 1-2: Foul Ball, location: 2F 1-2: DOUBLE (Groundball, 5L, EV 105.6 MPH) Kuemon Shishido to third Runner from 3rd tries for Home, SAFE, throw by LF to home
|
|
Batting: RHB Ton van Dijk
|
0-0: Called Strike 0-1: Foul Ball, location: 2F 0-2: Ball 1-2: Strikes out looking
|
| Top of the 2nd over - 1 run, 1 hit, 1 error, 1 left on base; Winnipeg 1 - Canton 1 |
| BOTTOM OF THE 2ND |
|
Canton Indians batting - Pitching for Winnipeg Goldeyes : RHP Carlos Palacios
|
|
Pitching: LHP David Gordon
|
|
|
Batting: RHB Eric Kuck
|
0-0: Ball 1-0: Called Strike 1-1: Ball 2-1: Ball 3-1: Base on Balls
|
|
Batting: RHB Steve Gusman
|
0-0: Called Strike 0-1: Ball 1-1: Ball 2-1: Swinging Strike 2-2: Ball Wild Pitch! Eric Kuck to second 3-2: Strikes out looking
|
|
Batting: LHB Justin Eargle
|
0-0: Ball 1-0: SINGLE (Flyball, 78S, EV 91.9 MPH) Eric Kuck to third Runner from 3rd tries for Home, throw by LF and OUT! 7-2
|
|
Batting: LHB Rich Walker
|
0-0: Ball 1-0: Ball 2-0: Called Strike 2-1: Foul Ball, location: 2F 2-2: Strikes out swinging
|
| Bottom of the 2nd over - 0 runs, 1 hit, 0 errors, 1 left on base; Winnipeg 1 - Canton 1 |
| TOP OF THE 3RD |
|
Winnipeg Goldeyes batting - Pitching for Canton Indians : RHP Terry Sterling
|
|
Pitching: RHP Howard Allen
|
|
|
Batting: RHB John Dew
|
0-0: DOUBLE (Flyball, 89XD, EV 113.1 MPH)
|
|
Batting: RHB David McClellan
|
0-0: Ground out 6-3 (Groundball, 6, EV 84.4 MPH) John Dew to third
|
|
Batting: SHB Ian Thompson
|
0-0: Ball 1-0: Ball 2-0: Called Strike 2-1: Ball 3-1: Called Strike 3-2: Strikes out swinging
|
|
Batting: RHB Steve Raine
|
0-0: Ball 1-0: Ball 2-0: Ball 3-0: Called Strike 3-1: Base on Balls
|
|
Batting: LHB Marvin Shepherd
|
0-0: Called Strike 0-1: Called Strike 0-2: Foul Ball, location: 2F 0-2: TRIPLE (Line Drive, 89XD, EV 105.0 MPH) John Dew scores Steve Raine scores
|
|
Batting: LHB Kuemon Shishido
|
0-0: Ball Wild Pitch! Marvin Shepherd scores 1-0: Fly out, F6 (Popup, 6M, EV 54.4 MPH)
|
| Top of the 3rd over - 3 runs, 2 hits, 0 errors, 0 left on base; Winnipeg 4 - Canton 1 |
| BOTTOM OF THE 3RD |
|
Canton Indians batting - Pitching for Winnipeg Goldeyes : LHP David Gordon
|
|
Batting: RHB Jason Roberts
|
0-0: Ball 1-0: Ball 2-0: Ball 3-0: Base on Balls
|
|
Batting: LHB Costodio Varino
|
0-0: Ball 1-0: Ball 2-0: Called Strike 2-1: Ball 3-1: Swinging Strike 3-2: Foul Ball, location: 2F 3-2: Strikes out swinging
|
|
Pitching: RHP Chad Brock
|
|
|
Batting: LHB Dave Key
|
0-0: SINGLE (Line Drive, 7S, EV 97.5 MPH) Jason Roberts to second
|
|
Batting: LHB Shane Montalvo
|
0-0: Ball 1-0: Foul Ball, location: 2F 1-1: Grounds into double play, 4-6-3 (Groundball, 4M, EV 94.4 MPH)
|
| Bottom of the 3rd over - 0 runs, 1 hit, 0 errors, 1 left on base; Winnipeg 4 - Canton 1 |
| TOP OF THE 4TH |
|
Winnipeg Goldeyes batting - Pitching for Canton Indians : RHP Howard Allen
|
|
Pitching: RHP Ian Nordquist
|
|
|
Batting: LHB Brian Wagner
|
0-0: Swinging Strike 0-1: Ball 1-1: Swinging Strike 1-2: Ball 2-2: Foul Ball, location: 2F 2-2: Ball 3-2: Base on Balls
|
|
Pitching: RHP Nate Souza
|
|
|
Batting: RHB Antonio Santos
|
0-0: Swinging Strike 0-1: Called Strike 0-2: Strikes out swinging Brian Wagner steals 2nd base Batter strikes out.
|
|
Batting: RHB Ton van Dijk
|
0-0: DOUBLE (Groundball, 5L, EV 96.9 MPH) Brian Wagner scores
|
|
Batting: RHB John Dew
|
0-0: Called Strike 0-1: Ball 1-1: Fly out, F8 (Flyball, 78M, EV 91.2 MPH)
|
|
Batting: RHB David McClellan
|
0-0: Called Strike 0-1: Ball 1-1: Ground out 6-3 (Groundball, 6, EV 95.0 MPH)
|
| Top of the 4th over - 1 run, 1 hit, 0 errors, 1 left on base; Winnipeg 5 - Canton 1 |
| BOTTOM OF THE 4TH |
|
Canton Indians batting - Pitching for Winnipeg Goldeyes : RHP Chad Brock
|
|
Batting: RHB Kevin Trull
|
0-0: Ball 1-0: Called Strike 1-1: Fly out, F6 (Popup, 6, EV 65.6 MPH)
|
|
Batting: RHB Eric Kuck
|
0-0: Swinging Strike 0-1: Foul Ball, location: 2F 0-2: Strikes out swinging
|
|
Batting: RHB Steve Gusman
|
0-0: Ball 1-0: Ball 2-0: Ball 3-0: Called Strike 3-1: Foul Ball, location: 2F 3-2: Base on Balls
|
|
Batting: LHB Justin Eargle
|
0-0: Called Strike 0-1: Ball 1-1: DOUBLE (Line Drive, 78D, EV 102.5 MPH) Steve Gusman to third Runner from 3rd tries for Home, SAFE, no throw by LF
|
|
Pitching: RHP Scot Abbott
|
|
|
Batting: LHB Rich Walker
|
0-0: Called Strike 0-1: Ball 1-1: Swinging Strike 1-2: Ball 2-2: Ball 3-2: SINGLE (Groundball, 6MD, EV 108.1 MPH) Justin Eargle to third Runner from 3rd tries for Home, SAFE, throw by CF to home
|
|
Batting: RHB Jason Roberts
|
0-0: Swinging Strike 0-1: DOUBLE (Line Drive, 78XD, EV 106.9 MPH) Rich Walker to third
|
|
Batting: LHB Costodio Varino
|
0-0: Ball 1-0: Foul Ball, location: 2F 1-1: Ball 2-1: Foul Ball, location: 2F 2-2: 3-RUN HOME RUN (Flyball, 78XD, EV 101.9 MPH), Distance : 415 ft
|
|
Batting: LHB Dave Key
|
0-0: SINGLE (Line Drive, 34D, EV 93.8 MPH)
|
|
Batting: LHB Shane Montalvo
|
0-0: 2-RUN HOME RUN (Flyball, 9D, EV 97.5 MPH), Distance : 382 ft
|
|
Pitching: RHP Tom Winsor
|
|
|
Batting: RHB Kevin Trull
|
0-0: Ball 1-0: Called Strike 1-1: SINGLE (Groundball, 56D, EV 110.0 MPH)
|
|
Batting: RHB Eric Kuck
|
0-0: Called Strike 0-1: SINGLE (Line Drive, 89S, EV 87.5 MPH) Kevin Trull to second Runner from 2nd tries for 3rd, OUT! 9-5
|
| Bottom of the 4th over - 7 runs, 8 hits, 0 errors, 1 left on base; Winnipeg 5 - Canton 8 |
| TOP OF THE 5TH |
|
Winnipeg Goldeyes batting - Pitching for Canton Indians : RHP Nate Souza
|
|
Batting: SHB Ian Thompson
|
0-0: Ball 1-0: Foul Ball, location: 2F 1-1: Ball 2-1: Foul Ball, location: 2F 2-2: Fly out, F8 (Flyball, 8LD, EV 90.0 MPH)
|
|
Batting: RHB Steve Raine
|
0-0: Reached on error, E6 (Groundball, 6S, EV 91.2 MPH)
|
|
Batting: LHB Marvin Shepherd
|
0-0: Ball 1-0: Ball 2-0: SINGLE (Line Drive, 6M, EV 98.1 MPH) Steve Raine to third Runner from 3rd tries for Home, SAFE, throw by CF to home
|
|
Batting: LHB Kuemon Shishido
|
0-0: Called Strike 0-1: Foul Ball, location: 2F 0-2: Ball 1-2: Foul Ball, location: 2F 1-2: Strikes out swinging
|
|
Batting: LHB Brian Wagner
|
0-0: Foul Ball, location: 2F 0-1: Ball 1-1: Ball 2-1: Foul Ball, location: 2F 2-2: Ball 3-2: Strikes out swinging
|
| Top of the 5th over - 1 run, 1 hit, 1 error, 1 left on base; Winnipeg 6 - Canton 8 |
| BOTTOM OF THE 5TH |
|
Canton Indians batting - Pitching for Winnipeg Goldeyes : RHP Tom Winsor
|
|
Batting: RHB Steve Gusman
|
0-0: Ball 1-0: Foul Ball, location: 2F 1-1: SINGLE (Line Drive, 3D, EV 95.6 MPH)
|
|
Batting: LHB Justin Eargle
|
0-0: Foul Ball, location: 2F 0-1: Ball 1-1: Ball 2-1: Foul Ball, location: 2F 2-2: Ball 3-2: SINGLE (Groundball, 4MS, EV 65.6 MPH) (infield hit) Steve Gusman to second
|
|
Batting: LHB Rich Walker
|
0-0: Called Strike 0-1: Ball 1-1: Ball 2-1: Foul Ball, location: 2F 2-2: Strikes out swinging
|
|
Pitching: RHP Tim Weller
|
|
|
Batting: RHB Jason Roberts
|
0-0: Swinging Strike 0-1: Ball 1-1: Ball 2-1: Foul Ball, location: 2F 2-2: Foul Ball, location: 2F 2-2: Fielders Choice at 2nd, 4-6 (Groundball, 34, EV 110.0 MPH) Steve Gusman to third
|
|
Batting: LHB Costodio Varino
|
0-0: Called Strike 0-1: Ball 1-1: Ball 2-1: Ball 3-1: Base on Balls Jason Roberts to second
|
|
Batting: LHB Dave Key
|
0-0: Called Strike 0-1: Ball 1-1: Foul Ball, location: 2F 1-2: Ball 2-2: Ball 3-2: Foul Ball, location: 2F 3-2: Foul Ball, location: 2F 3-2: SINGLE (Line Drive, 89M, EV 111.2 MPH) Steve Gusman scores Jason Roberts to third Costodio Varino to second Jason Roberts scores Costodio Varino to third
|
|
Pitching: LHP Kevin Drew
|
|
|
Batting: LHB Shane Montalvo
|
0-0: Called Strike 0-1: Ball 1-1: DOUBLE (Line Drive, 89XD, EV 106.2 MPH) Costodio Varino scores Dave Key to third
|
|
Batting: RHB Kevin Trull
|
0-0: Foul Ball, location: 2F 0-1: SINGLE (Flyball, 8LS, EV 93.8 MPH) Dave Key scores Shane Montalvo to third Runner from 3rd tries for Home, SAFE, throw by CF to home Kevin Trull to second
|
|
Batting: RHB Eric Kuck
|
0-0: Called Strike 0-1: Ball 1-1: Swinging Strike 1-2: Foul Ball, location: 2F 1-2: Foul Ball, location: 2F 1-2: Ball 2-2: Foul Ball, location: 2F 2-2: Strikes out swinging
|
| Bottom of the 5th over - 5 runs, 5 hits, 0 errors, 1 left on base; Winnipeg 6 - Canton 13 |
| TOP OF THE 6TH |
|
Winnipeg Goldeyes batting - Pitching for Canton Indians : RHP Nate Souza
|
|
Batting: RHB Antonio Santos
|
0-0: Ball 1-0: SOLO HOME RUN (Flyball, 78XD, EV 109.4 MPH), Distance : 421 ft
|
|
Batting: RHB Ton van Dijk
|
0-0: Ball 1-0: Called Strike 1-1: SINGLE (Groundball, 6M, EV 105.6 MPH) (infield hit)
|
|
Batting: RHB John Dew
|
0-0: Ball 1-0: Fielders Choice at 2nd, 5-4 (Groundball, 56, EV 80.0 MPH)
|
|
Batting: RHB David McClellan
|
0-0: SINGLE (Groundball, 6MS, EV 66.9 MPH) (infield hit) John Dew to second
|
|
Batting: SHB Ian Thompson
|
0-0: Ball 1-0: Ball 2-0: Swinging Strike 2-1: Foul Ball, location: 2F 2-2: Foul Ball, location: 2F 2-2: Ball 3-2: SINGLE (Groundball, 34D, EV 104.4 MPH) John Dew to third David McClellan to second Runner from 3rd tries for Home, SAFE, throw by RF to home
|
|
Batting: RHB Steve Raine
|
0-0: Ball 1-0: Ball David McClellan steals 3rd base Ian Thompson to second 2-0: Ball 3-0: Called Strike 3-1: Base on Balls
|
|
Batting: LHB Marvin Shepherd
|
0-0: Ball 1-0: Foul Ball, location: 2F 1-1: Ball 2-1: Foul Ball, location: 2F 2-2: Ball 3-2: GRAND SLAM HOME RUN (Flyball, 9D, EV 98.1 MPH), Distance : 384 ft
|
|
Batting: LHB Kuemon Shishido
|
0-0: Ball 1-0: Ball 2-0: Ball 3-0: Called Strike 3-1: Called Strike 3-2: Base on Balls
|
|
Pitching: LHP Ricky Butts
|
|
|
Batting: LHB Brian Wagner
|
0-0: Called Strike 0-1: Ball 1-1: SINGLE (Line Drive, 7S, EV 99.4 MPH) Kuemon Shishido to second
|
|
Batting: RHB Antonio Santos
|
0-0: Ball 1-0: Foul Ball, location: 2F 1-1: SINGLE (Line Drive, 89M, EV 105.0 MPH) Kuemon Shishido to third Brian Wagner to second
|
|
Batting: RHB Ton van Dijk
|
0-0: Called Strike 0-1: Ball 1-1: Swinging Strike 1-2: Grounds into fielders choice 5-2 (Groundball, 56, EV 84.4 MPH) Brian Wagner to third Antonio Santos to second
|
|
Batting: RHB John Dew
|
0-0: Foul Ball, location: 2F 0-1: Ball 1-1: Fielders Choice at 2nd, 5-4 (Groundball, 56, EV 87.5 MPH)
|
| Top of the 6th over - 6 runs, 7 hits, 0 errors, 3 left on base; Winnipeg 12 - Canton 13 |
| BOTTOM OF THE 6TH |
|
Canton Indians batting - Pitching for Winnipeg Goldeyes : LHP Kevin Drew
|
|
Batting: RHB Steve Gusman
|
0-0: Swinging Strike 0-1: Ball 1-1: DOUBLE (Groundball, 5L, EV 100.0 MPH)
|
|
Batting: LHB Justin Eargle
|
0-0: Ball 1-0: Ball Wild Pitch! Steve Gusman to third 2-0: Ball 3-0: Called Strike 3-1: Ground out 6-3 (Groundball, 6, EV 101.9 MPH)
|
|
Pitching: RHP Larry Muttart
|
|
|
Batting: LHB Rich Walker
|
0-0: Called Strike 0-1: Ball 1-1: Ball 2-1: SINGLE (Groundball, 56, EV 98.8 MPH) Steve Gusman scores
|
|
Batting: RHB Jason Roberts
|
0-0: Ball 1-0: Grounds into double play, 4-6-3 (Groundball, 4S, EV 84.4 MPH)
|
| Bottom of the 6th over - 1 run, 2 hits, 0 errors, 0 left on base; Winnipeg 12 - Canton 14 |
| TOP OF THE 7TH |
|
Winnipeg Goldeyes batting - Pitching for Canton Indians : LHP Ricky Butts
|
|
Batting: RHB David McClellan
|
0-0: Called Strike 0-1: Ball 1-1: Ball 2-1: Foul Ball, location: 2F 2-2: Fly out, F6 (Popup, 6D, EV 61.2 MPH)
|
|
Batting: SHB Ian Thompson
|
0-0: Ball 1-0: Ball 2-0: Ball 3-0: Called Strike 3-1: Base on Balls
|
|
Batting: RHB Steve Raine
|
0-0: Ball 1-0: Ball 2-0: Ball Ian Thompson steals 2nd base 3-0: Called Strike 3-1: Foul Ball, location: 2F 3-2: SINGLE (Groundball, 13S, EV 69.4 MPH) (infield hit) Ian Thompson to third
|
|
Pinch Runner at 1st Alexandre Garcia:
|
|
|
Batting: LHB Marvin Shepherd
|
0-0: Called Strike 0-1: Ball Alexandre Garcia is caught stealing 2nd base 2-6 Balk! Ian Thompson scores 1-1: Ball 2-1: Called Strike 2-2: Ball 3-2: Base on Balls
|
|
Batting: LHB Kuemon Shishido
|
0-0: Ball 1-0: Ball 2-0: Called Strike 2-1: Swinging Strike 2-2: Foul Ball, location: 2F 2-2: Foul Ball, location: 2F 2-2: Foul Ball, location: 2F 2-2: Ball 3-2: Foul Ball, location: 2F 3-2: Fly out, F9 (Flyball, 9, EV 89.4 MPH)
|
| Top of the 7th over - 1 run, 1 hit, 0 errors, 1 left on base; Winnipeg 13 - Canton 14 |
| BOTTOM OF THE 7TH |
|
Canton Indians batting - Pitching for Winnipeg Goldeyes : RHP Larry Muttart
|
|
Batting: LHB Costodio Varino
|
0-0: Ball 1-0: Ball 2-0: Foul Ball, location: 2F 2-1: Foul Ball, location: 2F 2-2: Foul Ball, location: 2F 2-2: SOLO HOME RUN (Flyball, 9D, EV 98.1 MPH), Distance : 380 ft
|
|
Batting: LHB Dave Key
|
0-0: Foul Ball, location: 2F 0-1: Called Strike 0-2: Foul Ball, location: 2F 0-2: Foul Ball, location: 2F 0-2: SINGLE (Groundball, 25, EV 68.8 MPH) (infield hit)
|
|
Batting: LHB Shane Montalvo
|
0-0: Ball 1-0: Called Strike 1-1: Foul Ball, location: 2F 1-2: Foul Ball, location: 2F 1-2: Ball 2-2: Ball 3-2: Base on Balls Dave Key to second
|
|
Batting: RHB Kevin Trull
|
0-0: Ball 1-0: Ball 2-0: Ball 3-0: Base on Balls Dave Key to third Shane Montalvo to second
|
|
Batting: RHB Eric Kuck
|
0-0: Foul Ball, location: 2F 0-1: Ball 1-1: Fly out, F8 (Flyball, 8LD, EV 84.4 MPH) Runner from 3rd tags up, SCORES, throw by CF
|
|
Batting: RHB Steve Gusman
|
0-0: Ball 1-0: Called Strike 1-1: Foul Ball, location: 2F 1-2: Strikes out swinging
|
|
Batting: LHB Justin Eargle
|
0-0: Ball 1-0: Called Strike 1-1: Swinging Strike 1-2: Ball 2-2: SINGLE (Line Drive, 8LS, EV 111.2 MPH) Shane Montalvo to third Kevin Trull to second Runner from 3rd tries for Home, SAFE, throw by CF to home
|
|
Batting: LHB Rich Walker
|
0-0: Called Strike 0-1: SINGLE (Groundball, 3S, EV 67.5 MPH) (infield hit) Kevin Trull to third Justin Eargle to second
|
|
Batting: RHB Jason Roberts
|
0-0: Ball 1-0: Ball 2-0: Called Strike 2-1: Ground out 4-3 (Groundball, 34, EV 90.6 MPH)
|
| Bottom of the 7th over - 3 runs, 4 hits, 0 errors, 3 left on base; Winnipeg 13 - Canton 17 |
| TOP OF THE 8TH |
|
Winnipeg Goldeyes batting - Pitching for Canton Indians : LHP Ricky Butts
|
|
Batting: LHB Brian Wagner
|
0-0: Hit by Pitch
|
|
Batting: RHB Antonio Santos
|
0-0: Ball 1-0: Ball 2-0: Ball 3-0: Called Strike 3-1: Base on Balls Brian Wagner to second
|
|
Batting: RHB Ton van Dijk
|
0-0: Ball 1-0: Ball 2-0: Called Strike 2-1: Called Strike 2-2: Foul Ball, location: 2F 2-2: Ball 3-2: SINGLE (Flyball, 56D, EV 90.6 MPH) Brian Wagner to third Antonio Santos to second
|
|
Batting: RHB John Dew
|
0-0: Called Strike 0-1: Ball 1-1: TRIPLE (Flyball, 89XD, EV 90.6 MPH) Brian Wagner scores Antonio Santos scores Ton van Dijk scores
|
|
Pitching: RHP Luke Burnham
|
|
|
Batting: RHB David McClellan
|
0-0: Called Strike 0-1: Ball 1-1: Ball Wild Pitch! John Dew scores 2-1: Ball 3-1: Foul Ball, location: 2F 3-2: Foul Ball, location: 2F 3-2: Fly out, F7 (Flyball, 7, EV 91.9 MPH)
|
|
Batting: SHB Ian Thompson
|
0-0: Ball 1-0: Called Strike 1-1: Ball 2-1: Ball 3-1: Swinging Strike 3-2: Fly out, F7 (Flyball, 7S, EV 93.1 MPH)
|
|
Batting: RHB Alexandre Garcia
|
0-0: Ball 1-0: Called Strike 1-1: Ball 2-1: Called Strike 2-2: Ball 3-2: Foul Ball, location: 2F 3-2: SINGLE (Line Drive, 34D, EV 103.8 MPH)
|
|
Batting: LHB Marvin Shepherd
|
0-0: Ball 1-0: Ball 2-0: Foul Ball, location: 2F 2-1: Foul Ball, location: 2F 2-2: Ball Alexandre Garcia steals 2nd base 3-2: Fly out, F9 (Flyball, 9S, EV 73.1 MPH)
|
| Top of the 8th over - 4 runs, 3 hits, 0 errors, 1 left on base; Winnipeg 17 - Canton 17 |
| BOTTOM OF THE 8TH |
|
Canton Indians batting - Pitching for Winnipeg Goldeyes : RHP Larry Muttart
|
|
Batting: LHB Costodio Varino
|
0-0: Ball 1-0: Ball 2-0: Ball 3-0: Called Strike 3-1: Base on Balls
|
|
Batting: LHB Dave Key
|
0-0: Called Strike 0-1: Ball 1-1: Ball Wild Pitch! Costodio Varino to second 2-1: Ball 3-1: Base on Balls
|
|
Batting: LHB Shane Montalvo
|
0-0: Ball 1-0: Swinging Strike 1-1: Ball 2-1: Ball 3-1: Foul Ball, location: 2F 3-2: Foul Ball, location: 2F 3-2: SINGLE (Groundball, 6D, EV 95.0 MPH) Costodio Varino to third Dave Key to second
|
|
Pitching: RHP Aaron Elliott
|
|
|
Batting: RHB Kevin Trull
|
0-0: Foul Ball, location: 2F 0-1: Hit by Pitch Costodio Varino scores Dave Key to third Shane Montalvo to second
|
|
Batting: RHB Eric Kuck
|
0-0: Foul Ball, location: 2F 0-1: Ball 1-1: Fly out, F9 (Line Drive, 9, EV 101.9 MPH) Runner from 3rd tags up, SCORES, throw by RF Shane Montalvo to third
|
|
Batting: RHB Steve Gusman
|
0-0: Ball 1-0: Swinging Strike 1-1: 3-RUN HOME RUN (Flyball, 78XD, EV 99.4 MPH), Distance : 422 ft
|
|
Batting: LHB Justin Eargle
|
0-0: Foul Ball, location: 2F 0-1: Called Strike 0-2: Ground out U3 (Groundball, 3, EV 79.4 MPH)
|
|
Batting: LHB Rich Walker
|
0-0: Swinging Strike 0-1: Called Strike 0-2: Ball 1-2: Fly out, F7 (Line Drive, 7, EV 96.2 MPH)
|
| Bottom of the 8th over - 5 runs, 2 hits, 0 errors, 0 left on base; Winnipeg 17 - Canton 22 |
| TOP OF THE 9TH |
|
Winnipeg Goldeyes batting - Pitching for Canton Indians : RHP Luke Burnham
|
|
Batting: LHB Kuemon Shishido
|
0-0: Called Strike 0-1: Fly out, F7 (Flyball, 78D, EV 101.9 MPH)
|
|
Batting: LHB Brian Wagner
|
0-0: Fly out, F8 (Flyball, 78XD, EV 96.2 MPH)
|
|
Batting: RHB Antonio Santos
|
0-0: Called Strike 0-1: Reached on error, E6 (Groundball, 6, EV 83.8 MPH)
|
|
Batting: RHB Ton van Dijk
|
0-0: Ball 1-0: Ball 2-0: Foul Ball, location: 2F 2-1: Foul Ball, location: 2F 2-2: Fly out, F7 (Flyball, 7LS, EV 85.6 MPH)
|
| Top of the 9th over - 0 runs, 0 hits, 1 error, 1 left on base; Winnipeg 17 - Canton 22 |
|